 Dungeon Sprint DCSS version 0.19.1 (webtiles) character file.

1001 KingBobo974 the Impaler (level 8, -16/94 HPs)
             Began as a Purple Draconian Berserker on Dec 13, 2016.
             Was a Priest of Trog.
             Demolished by a sun demon (23 damage)
             ... summoned by a kobold demonologist
             ... in the Dungeon (Sprint I: "Red Sonja").
             The game lasted 00:02:48 (743 turns).

KingBobo974 the Impaler (Purple Draconian Berserker) Turns: 743, Time: 00:02:49

Health: -16/94     AC:  6    Str: 27    XL:     8   Next: 0%
Magic:  8/8        EV: 14    Int:  8    God:    Trog [***...]
Gold:   305        SH:  0    Dex: 10    Spells: 0 memorised, 7 levels left

rFire  . . .     SeeInvis .     a - +0 spear
rCold  . . .     Gourm    .     (armour unavailable)
rNeg   . . .     Faith    .     (no shield)
rPois  .         Spirit   .     (helmet restricted)
rElec  .         Reflect  .     (no cloak)
rCorr  .         Harm     .     (no gloves)
MR     +....     NoTele   +     (no boots)
Stlth  ..........               (no amulet)
                                (no ring)
                                k - +2 ring of evasion

@: berserking (expiring), very quick
A: breathe power, unfitting armour, cold-blooded, AC +6
a: Breathe Dispelling Energy, Berserk, Trog's Hand, Burn Spellbooks, Renounce
Religion


You were in the Dungeon.
You worshipped Trog.
Trog was most pleased with you.
You were very hungry.

You visited 1 branch You collected 405 gold pieces.
You spent 100 gold pieces at shops.

Inventory:

Hand Weapons
 a - a +0 spear (weapon)
Jewellery
 k - a +2 ring of evasion (left hand)
Scrolls
 h - a scroll of blinking
 i - a scroll of identify {unknown}
Potions
 c - a potion of curing
 d - a potion of heal wounds
 e - a potion of haste
 f - 2 potions of magic
 g - a potion of berserk rage
Comestibles
 b - a bread ration
 j - a beef jerky


   Skills:
 - Level 3.2 Fighting
 * Level 16.3 Polearms
 - Level 2.6 Dodging
 + Level 2.8 Stealth


You had 7 spell levels left.
You didn't know any spells.

Dungeon Overview and Level Annotations

Branches:
Dungeon (1/1)

Altars:
Cheibriados
Dithmenos
Elyvilon
Fedhas
Gozag
Hepliaklqana
Kikubaaqudgha
Makhleb
Nemelex Xobeh
Okawaru
Qazlal
Ru
Sif Muna
Trog
Uskayaw
Vehumet
Xom
Yredelemnul
Zin
The Shining One
Jiyva
Lugonu

Shops:
D =


Innate Abilities, Weirdness & Mutations

You can breathe bolts of dispelling energy.
Your rich purple scales are hard. (AC +6)
You cannot fit into any form of body armour.
You are cold-blooded and may be slowed by cold attacks.


Message History

You hit the sun demon.
Your tail-slap misses the sun demon.
The sun demon is lightly wounded.
The sun demon hits you!!
* * * LOW HITPOINT WARNING * * *
You are engulfed in flames!
* * * LOW HITPOINT WARNING * * *
You are too injured to fight recklessly!
You are too injured to fight recklessly!
You are too injured to fight recklessly!
You are too berserk!
You are too injured to fight recklessly!
You are too injured to fight recklessly!
You closely miss the sun demon.
The sun demon is lightly wounded.
You barely miss the sun demon.
The sun demon is lightly wounded.
You hit the sun demon.
Your tail-slap misses the sun demon.
The sun demon is lightly wounded.
The sun demon hits you!!
You die...

######################
..)..#..'..#__#.@3K5.#
..#..').#..'^.'.)#55.#
####'#####'#__#### ..+
###..#...#)#### ##
__####..##.#
_____##'#..+
_.∩...†..._#
_..__##_.#'#
_____###+#.#


You could see a sun demon, a kobold demonologist, an iron imp and 2 ufetubi.

Vanquished Creatures
  A kobold demonologist (D)
  A slime creature (D)
  Sigmund (D)
  A yak (D)
  A floating eye (D)
  An ogre (D)
  A jelly (D)
  Ijyb (D)
8 creatures vanquished.

Vanquished Creatures (others)
  A gargoyle (D)
1 creature vanquished.

Grand Total: 9 creatures vanquished

Notes
Turn   | Place    | Note
-------+----------+-------------------------------------------
     0 | D        | KingBobo974 the Draconian Berserker began the quest for the Orb.
     0 | D        | Reached XP level 1. HP: 19/19 MP: 1/1
     2 | D        | Noticed Ijyb
    11 | D        | Killed Ijyb
    11 | D        | Reached skill level 6 in Polearms
    11 | D        | Reached XP level 2. HP: 24/26 MP: 2/2
    16 | D        | Noticed an ogre
    21 | D        | Killed an ogre
    21 | D        | Reached skill level 9 in Polearms
    21 | D        | Reached XP level 3. HP: 14/31 MP: 3/3
    21 | D        | Reached XP level 4. HP: 17/38 MP: 4/4
   194 | D        | Noticed Sigmund
   226 | D        | Killed Sigmund
   226 | D        | Reached ** piety under Trog
   226 | D        | Reached skill level 12 in Polearms
   226 | D        | Reached XP level 5. HP: 14/45 MP: 5/5
   226 | D        | Reached XP level 6. HP: 16/51 MP: 6/6
   443 | D        | Found a deep blue altar of Sif Muna.
   445 | D        | Found a radiant altar of Vehumet.
   461 | D        | Found Fiolap's Jewellery Emporium.
   461 | D        | Found an ancient bone altar of Kikubaaqudgha.
   461 | D        | Found a hazy altar of Hepliaklqana.
   461 | D        | Found a stormy altar of Qazlal.
   461 | D        | Found a hide-covered altar of Uskayaw.
   461 | D        | Found a blossoming altar of Fedhas.
   461 | D        | Found a bloodstained altar of Trog.
   461 | D        | Found an iron altar of Okawaru.
   461 | D        | Found a basalt altar of Yredelemnul.
   461 | D        | Found a glowing golden altar of the Shining One.
   461 | D        | Found a snail-covered altar of Cheibriados.
   461 | D        | Found a sacrificial altar of Ru.
   461 | D        | Found a glowing silver altar of Zin.
   461 | D        | Found a shadowy altar of Dithmenos.
   461 | D        | Found a white marble altar of Elyvilon.
   461 | D        | Noticed a yak
   475 | D        | Killed a yak
   475 | D        | Reached skill level 14 in Polearms
   475 | D        | Reached skill level 1 in Stealth
   476 | D        | Found an opulent altar of Gozag.
   477 | D        | Found a sparkling altar of Nemelex Xobeh.
   515 | D        | Bought a +2 ring of evasion for 100 gold pieces
   527 | D        | Killed a gargoyle
   529 | D        | Found a burning altar of Makhleb.
   529 | D        | Found a viscous altar of Jiyva.
   529 | D        | Found a shimmering altar of Xom.
   529 | D        | Found a corrupted altar of Lugonu.
   529 | D        | Noticed a slime creature
   545 | D        | Killed a slime creature
   545 | D        | Reached *** piety under Trog
   545 | D        | Reached skill level 15 in Polearms
   545 | D        | Your scales start taking on a rich purple colour.
   545 | D        | Reached XP level 7. HP: 29/57 MP: 7/7
   701 | D        | Noticed a kobold demonologist
   702 | D        | Noticed a kobold demonologist
   721 | D        | Noticed a sun demon
   739 | D        | Killed a kobold demonologist
   739 | D        | Reached skill level 16 in Polearms
   739 | D        | Reached XP level 8. HP: 46/63 MP: 8/8
   743 | D        | Demolished by a sun demon

Skill      XL: |  1  2  3  4  5  6  7 |
---------------+----------------------+-----
Polearms       | 6 9 12 15 16 | 16.3
Stealth        | 1 2 |  2.8
Fighting       | |  3.2
Dodging        | |  2.6

Action                   |  1- 3 |  4- 6 |  7- 9 || total
-------------------------+-------+-------+-------++-------
Melee: Spear             |    13 |    60 |    40 ||   113
       Tailslap          |     3 |     8 |     5 ||    16
Invok: Berserk           |     1 |       |     1 ||     2
 Abil: Breathe Dispellin |       |       |     1 ||     1
 Stab: Sleeping          |       |     1 |       ||     1
Armor: Skin              |     2 |     3 |     5 ||    10
Dodge: Dodged            |     3 |     9 |    12 ||    24
